 Dungeon Crawl Stone Soup version 0.30-a0-1074-g5db6f66fbb (webtiles) character file.

Game seed: 2751087087633449804

24 BlasphemerAmon the Slasher (level 3, -4/35 HPs)
             Began as a Gnoll Cinder Acolyte on Apr 14, 2023.
             Was a High Priest of Ignis.
             Slain by a gnoll sergeant
             ... wielding a +0 spear
              (6 damage)
             ... on level 3 of the Dungeon.
             The game lasted 00:04:27 (1182 turns).

BlasphemerAmon the Slasher (Gnoll Cinder Acolyte)   Turns: 1182, Time: 00:04:28

Health: -4/35      AC:  4    Str: 13    XL:     3   Next: 2%
Magic:  0/7        EV: 11    Int: 13    God:    Ignis [*****.]
Gold:   106        SH:  0    Dex:  9    Spells: 7/7 levels left

rFire   + . .      SeeInvis .    a - -1 falchion (flame)
rCold   . . .      Faith    .    (no shield)
rNeg    . . .      Spirit   +    c - +0 leather armour
rPois   .          Reflect  .    (no helmet)
rElec   .          Rampage  .    (no cloak)
rCorr   .                        h - +0 pair of gloves
Will    .....                    (no boots)
Stlth   +                        e - amulet of guardian spirit
HPRegen 0.25/turn                (no ring)
MPRegen 0.10/turn                (no ring)

@: no status effects
A: fangs 1, strong nose, distributed training
a: Renounce Religion, Fiery Armour, Foxfire Swarm, Rising Flame


You were on level 3 of the Dungeon.
You worshipped Ignis.
Ignis was extremely pleased with you.
You visited 1 branch of the dungeon, and saw 3 of its levels.

You collected 106 gold pieces.

Inventory:

Hand Weapons
 a - a -1 falchion of flaming (weapon)
 k - a +0 rapier
Armour
 b - a +0 robe
 c - a +0 leather armour (worn)
 h - a +0 pair of gloves (worn)
Magical Staves
 l - a staff of fire
Jewellery
 e - an amulet of guardian spirit (around neck)
Wands
 i - a wand of polymorph (10)
Scrolls
 d - 3 scrolls of identify {unknown}
 f - a scroll of magic mapping {unknown}
 g - a scroll of teleportation {unknown}
 m - a scroll of summoning {unknown}
Potions
 j - a potion of attraction {unknown}


   Skills:
 + Level 6.5 Fighting
 + Level 0.6 Short Blades
 + Level 6.5 Long Blades
 + Level 0.6 Axes
 + Level 0.6 Maces & Flails
 + Level 0.6 Polearms
 + Level 0.6 Staves
 + Level 0.6 Ranged Weapons
 + Level 0.6 Throwing
 + Level 0.6 Armour
 + Level 0.6 Dodging
 + Level 0.6 Stealth
 + Level 0.6 Shields
 + Level 0.6 Unarmed Combat
 + Level 2.8 Spellcasting
 + Level 0.4 Conjurations
 + Level 0.4 Hexes
 + Level 0.4 Summonings
 + Level 0.4 Necromancy
 + Level 0.4 Translocations
 + Level 0.4 Transmutations
 + Level 5.4 Fire Magic
 + Level 0.4 Ice Magic
 + Level 0.4 Air Magic
 + Level 0.4 Earth Magic
 + Level 0.4 Poison Magic
 + Level 0.8 Invocations
 + Level 0.6 Evocations


You had 7 spell levels left.
You didn't know any spells.
Your spell library contained the following spells:

 Spells                   Type           Power      Damage    Failure   Level
 Scorch                   Fire           30%        2d6       4%          2


Dungeon Overview and Level Annotations

Branches:
Dungeon (3/15)

Altars:


Innate Abilities, Weirdness & Mutations

You have very sharp teeth.
Your uncanny sense of smell can sniff out nearby items.
Your experience applies equally to all skills.


Message History

You see here 14 gold pieces.
Found a stone staircase leading up.
The gnoll sergeant shouts!
A gnoll comes into view. It is wielding a +0 flail.
A gnoll comes into view. It is wielding a +0 spear.
The kobold hits you but does no damage.
The kobold hits you with a +0 dagger of speed.
You closely miss the kobold.
The gnoll shouts!
Your bite misses the kobold.
The kobold hits you with a +0 dagger of speed.
You hit the kobold but do no damage. The kobold barely misses you.
The kobold closely misses you.
You hit the gnoll. You burn the gnoll.
The gnoll is lightly wounded.
The gnoll closely misses you. The kobold closely misses you.
You hit the gnoll. You burn the gnoll.
The gnoll is moderately wounded.
The gnoll sergeant hits you from afar with a +0 spear.
The gnoll hits you with a +0 flail! The gnoll barely misses you.
The kobold hits you but does no damage. The kobold misses you.
The gnoll barely misses you. The kobold attacks as you move away!
The kobold hits you with a +0 dagger of speed.
You see here 14 gold pieces.
The gnoll misses you. The gnoll hits you with a +0 whip.
The kobold hits you but does no damage.
The kobold hits you with a +0 dagger of speed. x2
The kobold attacks as you move away!
The kobold hits you with a +0 dagger of speed.
The gnoll hits you from afar with a +0 spear.
The gnoll hits you with a +0 spear. The kobold hits you but does no damage.
You hit the gnoll but do no damage. The gnoll sergeant barely misses you.
The gnoll hits you with a +0 spear. The gnoll hits you with a +0 flail!
* * * LOW HITPOINT WARNING * * *
The kobold hits you but does no damage.
You hit the gnoll but do no damage. The kobold closely misses you.
The gnoll sergeant hits you from afar with a +0 spear.
You die...

##### #...## ##
#..##### ##.
#..Kgg.#
#..##.@##.##
####.#..gg#.g##
..........#.g.######
.........$.g#......#
...........##...##.#
...........#8...8#
.<.........##...##
...........##...#
...........##...##


You could see a gnoll sergeant, 3 gnolls and a kobold.

Vanquished Creatures
  A dart slug (D:1)
  4 ball pythons (D:2)
  2 endoplasms
  A giant cockroach (D:1)
  3 goblins (D:1)
  A quokka (D:2)
  5 bats
  A frilled lizard (D:1)
  3 kobolds (D:1)
  A rat (D:3)
22 creatures vanquished.

Notes
Turn   | Place    | Note
-------+----------+-------------------------------------------
     0 | D:1      | BlasphemerAmon the Gnoll Cinder Acolyte began the quest for
                  | the Orb.
     0 | D:1      | Reached XP level 1. HP: 23/23 MP: 4/4
    77 | D:1      | Reached XP level 2. HP: 26/29 MP: 5/5
  1098 | D:3      | Reached XP level 3. HP: 35/35 MP: 7/7
  1162 | D:3      | Noticed a gnoll sergeant
  1182 | D:3      | Slain by a gnoll sergeant

Illustrated notes

Levels and vault maps discovered:
D:1:      dpeg_arrival_fog, layout_basic
D:2:      layout_basic, ebering_dispersal_statue_hall
D:3:      layout_rooms, serial_corexii_hall, corexii_hall_statues_x,
          chequers_hall_statues_wall_a, chequers_hall_statues_wall_a,
          corexii_hall_statues_t

Action                     || total
---------------------------++-------
  Melee: Falchion          ||    66
         Bite              ||     4
         Punch             ||     1
 Armour: Robe              ||     7
         Leather armour    ||    36
  Dodge: Dodged            ||    70

Table legend: (Time is in decaauts)
 A = Elapsed time spent in this place.
 B = Non-inter-level travel time spent in this place.
 C = Inter-level travel time spent in this place.
 D = Time resting spent in this place.
 E = Time spent auto-exploring this place.
 F = Levels seen in this place.
 G = Mean time per level.
                   A        B        C        D        E       F      G
               +--------+--------+--------+--------+--------+-----+--------+
         Total |   1179 |   1151 |     28 |      0 |      0 |   3 |  393.0 |
       Dungeon |   1179 |   1151 |     28 |      0 |      0 |   3 |  393.0 |
               +--------+--------+--------+--------+--------+-----+--------+

Top non-repeatable levels by time:
     D:1: 667 daAuts
     D:2: 300 daAuts
     D:3: 212 daAuts
